 Dungeon Crawl Stone Soup version 0.26-a0-597-gb535b0901c (webtiles) character file.

Game seed: 15728640071336191532

(classic levelgen) 1402 EnegeticOcto the Chopper (level 8, -3/74 HPs)
             Began as a Deep Dwarf Fighter on Sept 1, 2020.
             Shot with an arrow by a centaur (12 damage)
             ... on level 6 of the Dungeon.
             The game lasted 00:01:26 (2167 turns).

EnegeticOcto the Chopper (Deep Dwarf Fighter)       Turns: 2167, Time: 00:01:26

Health: -3/74      AC:  7    Str: 21    XL:     8   Next: 42%
Magic:  0/0        EV:  8    Int: 10    God:
Gold:   281        SH: 15    Dex: 12    Spells: 7/7 levels left

rFire    . . .     SeeInvis .   a - +0 war axe
rCold    . . .     Faith    .   c - +0 kite shield
rNeg     + . .     Spirit   .   b - +0 scale mail
rPois    .         Reflect  +   (no helmet)
rElec    .         Harm     .   (no cloak)
rCorr    .                      (no gloves)
MR       +....                  (no boots)
Stlth    ..........             q - amulet of reflection
HPRegen  0.00/turn              e - ring of positive energy
MPRegen  0.07/turn              (no ring)

@: non-regenerating
A: damage resistance, heal wounds, sense surroundings 1, no regeneration
a: Heal Wounds


You were on level 6 of the Dungeon.
You visited 1 branch of the dungeon, and saw 6 of its levels.

You collected 281 gold pieces.

Inventory:

Hand Weapons
 a - a +0 war axe (weapon)
Armour
 b - a +0 scale mail (worn)
 c - a +0 kite shield (worn)
Jewellery
 e - a ring of positive energy (left hand)
 q - an amulet of reflection (around neck)
 w - an uncursed ring of protection from cold {unknown}
Scrolls
 f - a scroll of random uselessness {unknown}
 g - 2 scrolls of magic mapping {unknown}
 i - a scroll of blinking {unknown}
 m - 6 scrolls of remove curse {unknown}
 n - 2 scrolls of enchant weapon {unknown}
 o - 2 scrolls of identify {unknown}
 r - a scroll of enchant armour {unknown}
 s - a scroll of teleportation {unknown}
 t - a scroll of immolation {unknown}
 u - a scroll of fear {unknown}
 v - a scroll of holy word {unknown}
Potions
 d - a potion of might {@q3}
 h - a potion of heal wounds {unknown}
 j - 2 potions of stabbing {unknown}
 k - a potion of magic {unknown}
 l - a potion of ambrosia {unknown}
 p - 3 potions of curing {unknown}


   Skills:
 + Level 5.0 Fighting
 * Level 7.5 Axes
 + Level 6.1 Armour
 + Level 6.0 Shields


You had 7 spell levels left.
You didn't know any spells.
Your spell library was empty.

Dungeon Overview and Level Annotations

Branches:
Dungeon (6/15)
 Temple: D:4-7

Altars:
Ashenzari

Shops:
D:5 [


Innate Abilities, Weirdness & Mutations

You are resistant to damage.
You can heal yourself by infusing magical energy.
You passively map a small area around you.
You do not regenerate.


Message History

You are too injured to fight recklessly!
You are too injured to fight recklessly!
You are too injured to fight recklessly!
You are too injured to fight recklessly!
You closely miss the orc. The orc barely misses you.
You block the hound's attack.
You slash the orc!
You kill the orc!
You hit the jackal. You slash the hound! You block the jackal's attack.
You block the hound's attack. You block the jackal's attack.
The adder completely misses you.
You barely miss the adder. You miss the hound. You hit the jackal.
You block the hound's attack. You block the jackal's attack.
The adder bites you but does no damage. The hound barely misses you.
You closely miss the adder. You barely miss the hound.
You hit the jackal but do no damage. You block the jackal's attack.
You block the hound's attack. The adder bites you but does no damage.
The jackal bites you but does no damage.
You block the hound's attack. The adder bites you but does no damage.
You barely miss the adder. You hit the hound. You miss the jackal.
You block the hound's attack.
The jackal bites you but does no damage.
The adder barely misses you. The hound barely misses you.
You block the adder's attack.
You closely miss the adder. You hit the hound. You hit the phantom.
The hound bites you but does no damage. You block the adder's attack.
You block the hound's attack.
You barely miss the adder. You hit the phantom. You barely miss the hound.
You block the adder's attack. You block the phantom's attack.
You block the hound's attack. The adder barely misses you.
The phantom barely misses you.
You closely miss the adder. You barely miss the hound. You slash the phantom!
The hound bites you but does no damage. You block the adder's attack.
You block the hound's attack.
The phantom hits you but does no damage.
You slash the adder!
You kill the adder!
You hit the phantom but do no damage. You hit the hound.
You kill the hound!
The phantom hits you.
The phantom blinks!
The orc priest calls down the wrath of Beogh upon you.
Beogh smites you!
* * * LOW HITPOINT WARNING * * *
You block the jackal's attack.
You slash the jackal!
You kill the jackal!
Your life force feels restored.
You closely miss the orc. You block the orc's attack.
The phantom blinks!
The jackal bites you but does no damage.
You hit the jackal.
You kill the jackal!
You barely miss the orc. You block the orc's attack. x2
You slash the orc priest!
You kill the orc priest!
Your Fighting skill increases to level 5!
Your Shields skill increases to level 6!
You barely miss the orc.
The phantom blinks!
The orc hits you with a +0 short sword.
You don't have enough innate magic capacity.
You barely miss the orc.
You hit the giant cockroach but do no damage.
You block the giant cockroach's attack. The orc closely misses you.
The giant cockroach bites you but does no damage.
The phantom blinks!
You hit the orc but do no damage.
You completely miss the giant cockroach.
You block the orc's attack. You block the giant cockroach's attack.
The phantom blinks!
You hit the orc.
The orc is lightly wounded.
You slash the giant cockroach!
You kill the giant cockroach!
You block the orc's attack.
The phantom blinks!
You hit the orc.
The orc is almost dead.
You block the orc's attack. x2
You barely miss the orc.
The orc is almost dead.
The orc hits you but does no damage.
You hit the orc.
You kill the orc!
The phantom hits you.
Your shield prevents you from hitting the phantom.
The phantom is heavily damaged.
The phantom hits you but does no damage.
You slash the phantom!
The phantom is heavily damaged.
The phantom hits you.
* * * LOW HITPOINT WARNING * * *
The phantom blinks!
The phantom blinks!
Items here: ) [ †††.
The phantom blinks!
The phantom blinks!
A centaur comes into view.
The phantom blinks!
The centaur wields a +0 shortbow.
The centaur shoots an arrow.
You reflect the arrow off an invisible shield around you!
The arrow hits the centaur.
The centaur shoots an arrow.
The arrow hits you!
You die...

*,#.#####)##### * #.#
#.##.†. #.# #.##.## ,
##### #.## #.##.#
*##...###†.#######.#
* ##.....##....# #.#
#.......#....## #.##
*#.......#.....# #...
#..W@...##....# ###.
##..§..###....# #. **
*##.))## ###..# #.
,####'########.# #. ,
#.............# #.
#....c........#### #.
*
#.............#..###.
#.########'####..†...
#. * ##...####.##..


You could see a phantom and a centaur.

Vanquished Creatures
  Grinder (D:3)
  A yak (D:6)
  Duvessa (D:4)
  A black bear (D:6)
  A phantom (D:4)
  An ogre (D:4)
  Dowan (D:4)
  4 wights (D:6)
  A howler monkey (D:5)
  A bullfrog zombie (D:5)
  A hound (D:6)
  An orc priest (D:6)
  2 iguanas (D:4)
  6 worker ants
  4 gnolls (D:4)
  7 adders
  A white imp (D:3)
  2 oozes
  An adder zombie (D:6)
  4 worms
  2 leopard geckos
  3 orcs
  2 bats
  5 giant cockroaches
  4 hobgoblins
  4 jackals
  6 quokkas
  3 ball pythons
  2 frilled lizards
  5 goblins
  A leopard gecko skeleton (D:4)
  4 rats
83 creatures vanquished.

Notes
Turn   | Place    | Note
-------+----------+-------------------------------------------
     0 | D:1      | EnegeticOcto the Deep Dwarf Fighter began the quest for the
                  | Orb.
     0 | D:1      | Reached XP level 1. HP: 20/20 MP: 1/1
   211 | D:2      | Reached XP level 2. HP: 17/27 MP: 2/2
   306 | D:2      | Reached skill level 3 in Axes
   306 | D:2      | Reached XP level 3. HP: 17/34 MP: 3/3
   526 | D:3      | Reached XP level 4. HP: 37/42 MP: 4/4
   567 | D:3      | Noticed Grinder
   587 | D:3      | Killed Grinder
   587 | D:3      | Reached skill level 4 in Axes
   587 | D:3      | Reached XP level 5. HP: 30/49 MP: 5/5
   587 | D:3      | Reached XP level 6. HP: 34/56 MP: 6/6
   695 | D:4      | Reached skill level 5 in Axes
   884 | D:4      | Noticed Dowan
   885 | D:4      | Noticed Duvessa
   893 | D:4      | Killed Dowan
   893 | D:4      | Reached XP level 7. HP: 46/64 MP: 6/6
   913 | D:4      | Killed Duvessa
   913 | D:4      | Reached skill level 5 in Armour
   913 | D:4      | Reached skill level 5 in Shields
  1165 | D:4      | Reached skill level 6 in Axes
  1344 | D:5      | Entered Level 5 of the Dungeon
  1359 | D:5      | Found Gaeciqueto's Armour Shop.
  1742 | D:5      | Found a shattered altar of Ashenzari.
  2026 | D:6      | Reached XP level 8. HP: 61/73 MP: 2/2
  2061 | D:6      | Reached skill level 7 in Axes
  2148 | D:6      | Reached skill level 5 in Fighting
  2167 | D:6      | Shot with an arrow by a centaur

Illustrated notes

Levels and vault maps discovered:
D:1:      dpeg_arrival_leaves_temple_mockup, layout_basic
D:2:      cheibrodos_helix_gallery, layout_loops_ring
D:3:      layout_loops_ring, uniq_grinder
D:4:      layout_basic, minmay_misc_feat_four_crosses, uniq_duvessa
D:5:      layout_loops_ring, serial_shops, shop, nicolae_ashenzari_panopticon
D:6:      minmay_opposing_rooms, layout_loops_ring, uniq_prince_ribbit1

Skill      XL: |  1  2  3  4  5  6  7  8 |
---------------+-------------------------+-----
Fighting       | 3 4 5 |  5.0
Axes           | 3 4 5 6 7 |  7.5
Armour         | 4 5 6 |  6.1
Shields        | 4 5 6 |  6.0

Action                   |  1- 3 |  4- 6 |  7- 9 || total
-------------------------+-------+-------+-------++-------
Melee: War axe           |    83 |   100 |   155 ||   338
 Abil: Heal Wounds       |     1 |     3 |     9 ||    13
Armor: Scale mail        |    47 |    52 |    43 ||   142
Dodge: Dodged            |    42 |    31 |    37 ||   110
Block: Kite shield       |    61 |    57 |   115 ||   233
       Reflection        |       |       |     1 ||     1

Table legend: (Time is in decaauts)
 A = Elapsed time spent in this place.
 B = Non-inter-level travel time spent in this place.
 C = Inter-level travel time spent in this place.
 D = Time resting spent in this place.
 E = Time spent auto-exploring this place.
 F = Levels seen in this place.
 G = Mean time per level.
                   A        B        C        D        E       F      G
               +--------+--------+--------+--------+--------+-----+--------+
         Total |   2276 |   2208 |     68 |      0 |   1524 |   6 |  379.3 |
       Dungeon |   2276 |   2208 |     68 |      0 |   1524 |   6 |  379.3 |
               +--------+--------+--------+--------+--------+-----+--------+

Top non-repeatable levels by time:
     D:4: 732 daAuts
     D:5: 635 daAuts
     D:3: 275 daAuts
     D:2: 222 daAuts
     D:6: 209 daAuts
     D:1: 201 daAuts
